 Dungeon Crawl Stone Soup version 0.31-a0-237-g2d982f9f85 (webtiles) character file.

Game seed: 17494860583338214670

125 qw the Shooter (level 4, -11/37 HPs)
             Began as a Minotaur Hexslinger on July 11, 2023.
             Mangled by an ice beast (13 damage)
             ... on level 4 of the Dungeon.
             The game lasted 00:01:05 (2589 turns).

qw the Shooter (Minotaur Hexslinger)                Turns: 2589, Time: 00:01:05

Health: -11/37     AC:  3    Str:  6 (9)  XL:     4   Next: 82%
Magic:  0/4        EV: 12    Int:  8 (10) God:
Gold:   286        SH:  0    Dex: 21 (22) Spells: 4/5 levels left

rFire   . . .        Y - +2 sling
rCold   . . .        (no shield)
rNeg    . . .        g - +0 leather armour of Follow the Leader {Rampage Drain Str-4 Dex+8}
rPois   .            (helmet restricted)
rElec   .            (no cloak)
rCorr   .            (no gloves)
SInv    .            (no boots)
Will    +....        f - amulet of guardian spirit
Stlth   ++           e - ring of willpower
HPRegen 0.26/turn    (no ring)
MPRegen 0.09/turn

%: guardian spirit, rampage
@: no status effects
A: horns 2, retaliatory headbutt
a: no special abilities


You were on level 4 of the Dungeon.
You visited 1 branch of the dungeon, and saw 4 of its levels.

You collected 286 gold pieces.


Innate Abilities, Weirdness & Mutations

You have a pair of horns on your head.
You reflexively headbutt those who attack you in melee.


   Skills:
 + Level 2.9 Fighting
 - Level 5.0 Ranged Weapons
 - Level 2.1 Dodging
 - Level 1.0 Spellcasting
 - Level 2.0 Hexes


You had 4 spell levels left.
You knew the following spells:

 Your Spells              Type           Power      Damage    Failure   Level
a - Slow                  Hex            12%        N/A       26%         1

Your spell library contained the following spells:

 Spells                   Type           Power      Damage    Failure   Level
 Inner Flame              Hex/Fire       2%         N/A       77%         3
 Portal Projectile        Hex/Tloc       4%         N/A       77%         3
 Cause Fear               Hex            1%         N/A       95%         4

Inventory:

Hand Weapons
 Y - a +2 sling (weapon)
Armour
 g - the +0 leather armour of Follow the Leader (worn) {Rampage Drain Str-4 Dex+8}
   (You found it on level 3 of the Dungeon)

   Str:       It affects your strength (-4).
   Dex:       It affects your dexterity (+8).
   Drain:     It drains your maximum health when unequipped.
   Rampage:   It bestows one free step when moving towards enemies.
Jewellery
 b - a ring of ice
 e - a ring of willpower (left hand)
 f - an amulet of guardian spirit (around neck)
Scrolls
 h - a scroll of identify
Potions
 c - a potion of mutation
 i - a potion of ambrosia {unknown}
 j - a potion of resistance {unknown}

Dungeon Overview and Level Annotations

Branches:
Dungeon (4/15)
 Temple: D:4-7

Altars:


Message History

The sling bullet hits the ice beast but does no damage.
The ice beast is heavily wounded.
The ice beast barely misses you.
You shoot a sling bullet.
The sling bullet barely misses the ice beast.
The ice beast barely misses you.
The ice beast hits you but does no damage.
You shoot a sling bullet.
The sling bullet hits the ice beast but does no damage.
The ice beast is moderately wounded.
The ice beast barely misses you.
You shoot a sling bullet.
The sling bullet hits the ice beast but does no damage.
The ice beast is moderately wounded.
The ice beast barely misses you.
You shoot a sling bullet.
The sling bullet barely misses the ice beast.
The ice beast hits you. The ice beast freezes you!
You shoot a sling bullet. The sling bullet hits the ice beast!
The ice beast is heavily wounded.
The ice beast closely misses you. The ice beast hits you.
The ice beast freezes you!
You shoot a sling bullet.
The sling bullet closely misses the ice beast.
The ice beast hits you. The ice beast freezes you!
You shoot a sling bullet. The sling bullet hits the ice beast.
The ice beast is severely wounded.
The ice beast hits you but does no damage.
You shoot a sling bullet.
The sling bullet hits the ice beast but does no damage.
The ice beast is severely wounded.
The ice beast barely misses you.
You shoot a sling bullet.
The sling bullet hits the ice beast but does no damage.
The ice beast is severely wounded.
The ice beast closely misses you.
You shoot a sling bullet. The sling bullet hits the ice beast.
The ice beast is severely wounded.
The ice beast hits you. The ice beast freezes you!
You die...

#... #... #########
#...
##+##.......####...
#..................
#..................
#####...............###
#...................#
#....Y@.............#
#....###########....#
#... #...<# .... #....#
... #....# .. #....# .
#....# ######


You could see an ice beast.

Vanquished Creatures
  3 adders
  2 worms
  3 dart slugs
  5 bats
  4 endoplasms
  7 giant cockroaches
  7 goblins
  6 hobgoblins
  4 jackals (D:3)
  7 quokkas
  11 ball pythons
  4 frilled lizards
  10 kobolds
  6 rats
79 creatures vanquished.

Notes
Turn   | Place    | Note
-------+----------+-------------------------------------------
     0 | D:1      | qw the Minotaur Hexslinger began the quest for the Orb.
     0 | D:1      | Reached XP level 1. HP: 16/16 MP: 1/1
     0 | D:1      | 0 ||| qw: Version: 0.3-a-52-g30416fa
     0 | D:1      | 0 ||| qw: Game counter: 5497
     0 | D:1      | 0 ||| qw: Melee chars always use a shield: true
     0 | D:1      | 0 ||| qw: God list: Okawaru
     0 | D:1      | 0 ||| qw: Allow faded altars: false
     0 | D:1      | 0 ||| qw: Do Orc after clearing Dungeon:15 true
     0 | D:1      | 0 ||| qw: Do second Lair branch before Depths: true
     0 | D:1      | 0 ||| qw: Lair rune preference: random
     0 | D:1      | 0 ||| qw: Goals: Normal
     0 | D:1      | 0 ||| PLANNING D:1-11
    96 | D:1      | Reached skill level 3 in Ranged Weapons
    96 | D:1      | Reached XP level 2. HP: 22/23 MP: 2/2
   437 | D:1      | 437 ||| FLEEEEING.
   785 | D:1      | 785 ||| UPGRADING to +0 leather armour.
   795 | D:1      | 795 ||| DROPPING +0 robe.
   796 | D:1      | 796 ||| UPGRADING to ring of willpower.
   797 | D:1      | 797 ||| READING scroll labelled HUHATTAAMU.
   798 | D:1      | 798 ||| DROPPING scroll of poison.
   856 | D:2      | Reached XP level 3. HP: 29/29 MP: 3/3
   908 | D:2      | Reached skill level 4 in Ranged Weapons
  1389 | D:2      | 1389 ||| UPGRADING to amulet of guardian spirit.
  1394 | D:2      | 1394 ||| READING scroll labelled CYBOIWK DERCH.
  1395 | D:2      | 1395 ||| READING scroll labelled JES BEP IT OLA.
  1396 | D:2      | 1396 ||| READING 2 scrolls labelled CIMOBBIODY.
  1397 | D:2      | 1397 ||| READING scroll labelled GIR XEFETSOUCA.
  1439 | D:3      | 1439 ||| PLANNING SEWER
  1453 | D:3      | Identified the +0 leather armour of Follow the Leader
                  | {Rampage Drain Str-4 Dex+8}
  1520 | D:3      | Reached XP level 4. HP: 36/36 MP: 4/4
  1822 | D:3      | Reached skill level 5 in Ranged Weapons
  2111 | D:3      | 2111 ||| RIP SEWER
  2119 | D:3      | 2119 ||| PLANNING D:1-11
  2163 | D:3      | You fall into a shaft and drop 1 floor!
  2198 | D:4      | 2198 ||| UPGRADING to +0 leather armour of Follow the
                  | Leader {Rampage Drain Str-4 Dex+8}.
  2208 | D:4      | 2208 ||| DROPPING +0 leather armour.
  2209 | D:4      | 2209 ||| READING scroll labelled HUDDOI CORGHE.
  2210 | D:4      | 2210 ||| READING scroll labelled NEKHOL SYN.
  2215 | D:4      | 2215 ||| READING scroll labelled SEOHIXZ PEIFUO.
  2216 | D:4      | 2216 ||| READING scroll labelled JYCLAEPP MUWO.
  2271 | D:4      | 2271 ||| READING 2 scrolls of identify.
  2271 | D:4      | 2271 ||| IDENTIFYING fizzy inky potion
  2493 | D:3      | 2493 ||| DRINKING 2 sedimented brown potions.
  2494 | D:3      | 2494 ||| DROPPING potion of degeneration.
  2573 | D:4      | Noticed an ice beast
  2585 | D:4      | HP: 5/37 [ice beast (11)]
  2589 | D:4      | HP: 2/37 [ice beast (4)]
  2589 | D:4      | Mangled by an ice beast

Levels and vault maps discovered:
D:1:      lemuel_arrival_funnel, layout_basic
D:2:      layout_loops_ring, minmay_tetromino_o2
D:3:      layout_basic, gup_sewer_entry_pipe
D:4:      layout_gridville, kennysheep_okawaru_gauntlet, serial_shops,
          nicolae_take_the_stairs

Skill      XL: |  1  2  3  4 |
---------------+-------------+-----
Ranged Weapons | 3 4 5 |  5.0
Fighting       | 2 |  2.9
Dodging        | |  2.1
Spellcasting   | |  1.0
Hexes          | |  2.0

Action                     |  1- 3 |  4- 6 || total
---------------------------+-------+-------++-------
   Fire: Sling             |   134 |   108 ||   242
    Use: Scroll            |     5 |     5 ||    10
         Potion            |       |     1 ||     1
 Armour: Robe              |     4 |       ||     4
         Leather armour    |     7 |    12 ||    19
  Dodge: Dodged            |    39 |    23 ||    62

Table legend:
 A = Non-vault XP
 B = Vault XP
 C = Vault XP percentage of total XP
 D = Non-vault monster count
 E = Vault monster count
 F = Vault count percentage of total count
                 A         B        C        D         E       F
            +---------+---------+-------+---------+---------+-------
      Total |     165 |      14 |   7.8 |      72 |       7 |   8.9
            +---------+---------+-------+---------+---------+-------
        D:1 |      38 |       0 |   0.0 |      23 |       0 |   0.0
        D:2 |      50 |       2 |   3.8 |      20 |       1 |   4.8
        D:3 |      72 |      12 |  14.3 |      26 |       6 |  18.8
        D:4 |       5 |       0 |   0.0 |       3 |       0 |   0.0
            +---------+---------+-------+---------+---------+-------
